Map: Ley Lines

Players

iPlayDefense - Winner!

  • Race: Terran Terran
  • League: Silver
  • Spawn Location: 1:00

Basher

  • Race: Terran Terran
  • League: Silver
  • Spawn Location: 7:00

VOD

Have the link to the VOD?

Description

Time

  • Played on: April 18, 2025, 5:10 p.m.
  • Length: 12:06
Show
View Real Time Build Order
Export as new Build Order

iPlayDefense Terran - Winner!

Build Orders:  

Get SALT Encoding   

  12  0:00  SCV  
  13  0:16  Supply Depot  
  13  0:19  SCV  
  14  0:31  SCV  
  15  0:36  Refinery  
  15  0:43  SCV  
  15  0:48  Barracks  
  16  0:55  SCV  
  17  1:07  SCV  
  18  1:19  SCV  
  18  1:23  Supply Depot  
  19  1:36  Orbital Command, Barracks Reactor  
  19  1:54  Barracks  
  19  1:56  Barracks  
  19  2:12  SCV  
  20  2:23  Factory  
  20  2:24  SCV  
  20  2:29  Refinery  
  21  2:49  Barracks Tech Lab x2  
  21  2:57  Engineering Bay  
  21  3:03  SCV  
  22  3:11  Factory Tech Lab  
  22  3:15  SCV  
  22  3:16  Command Center  
  22  3:17  Marine x4  
  27  3:30  Supply Depot  
  27  3:35  Marine  
  28  3:45  Combat Shield, Stimpack  
  28  3:48  Siege Tank  
  31  4:10  Starport  
  31  4:29  Orbital Command  
  31  4:32  SCV  
  31  4:34  Siege Tank  
  31  4:36  Marine x3  
  38  4:44  SCV  
  39  4:51  Starport Reactor  
  39  4:56  SCV  
  39  4:59  Supply Depot  
  40  5:08  SCV  
  40  5:10  Missile Turret  
  41  5:16  SCV  
  41  5:19  Marine, Refinery  
  41  5:20  SCV  
  44  5:22  Supply Depot  
  44  5:27  Supply Depot  
  44  5:28  SCV  
  45  5:31  Siege Tank  
  45  5:33  SCV  
  49  5:37  Medivac x2  
  49  5:40  SCV  
  54  5:45  Supply Depot  
  54  6:02  SCV x2  
  54  6:04  Marine x4  
  57  6:05  Siege Tank  
  63  6:11  Supply Depot  
  63  6:14  SCV  
  63  6:15  SCV  
  65  6:21  Marine  
  65  6:22  Marine  
  67  6:27  SCV x2  
  67  6:28  Refinery  
  67  6:32  Marine x2  
  71  6:38  Medivac  
  71  6:39  SCV x2, Marine x2  
  76  6:42  Supply Depot  
  77  6:48  Supply Depot, Terran Infantry Weapons Level 1  
  77  6:50  Marine x2  
  77  6:51  SCV x2  
  81  7:03  SCV x2  
  81  7:06  Marine x2  
  81  7:07  Siege Tank  
  81  7:08  Marine x2  
  90  7:10  Medivac  
  90  7:15  SCV x2  
  94  7:16  Supply Depot  
  94  7:18  Supply Depot  
  94  7:24  Marine x2  
  94  7:27  SCV x2  
  94  7:29  Armory  
  98  7:59  Command Center  
  85  8:18  Marine  
  85  8:19  Marine x3  
  70  8:21  Siege Tank  
  66  8:32  SCV x2  
  68  8:36  Marine, Medivac x2  
  68  8:37  Marine x3  
  76  8:44  Supply Depot, SCV  
  76  8:45  SCV  
  76  8:47  Supply Depot  
  78  8:49  Terran Vehicle Weapons Level 1  
  78  8:52  Terran Infantry Armor Level 1  
  78  8:53  Siege Tank  
  78  8:54  Marine x4  
  85  8:56  SCV  
  85  8:57  SCV  
  87  9:11  Orbital Command  
  87  9:12  Marine x4  
  91  9:20  Supply Depot x2  
  91  9:25  Siege Tank  
  91  9:28  SCV x2  
  91  9:30  Marine x4  
  100  9:34  Medivac  
  102  9:40  SCV x2  
  102  9:43  Supply Depot  
  104  9:47  Marine  
  104  9:48  Marine  
  104  9:52  SCV, Refinery  
  107  9:53  SCV  
  107  9:57  Siege Tank  
  111  10:06  Supply Depot  
  111  10:08  Supply Depot  
  111  10:09  Marine x4  
  111  10:12  Medivac  
  111  10:13  Medivac  
  119  10:18  Refinery  
  119  10:19  SCV  
  119  10:20  SCV x2  
  122  10:26  Marine  
  122  10:27  Marine x3  
  126  10:29  Thor  
  126  10:31  SCV  
  126  10:32  SCV x2  
  126  10:35  Supply Depot  
  135  10:39  Supply Depot  
  135  10:42  Medivac  
  135  10:43  Medivac  
  139  11:02  Supply Depot  
  139  11:12  Thor  
  139  11:16  Barracks  
  145  11:19  Barracks  
  145  11:25  Supply Depot  
Show
View Real Time Build Order
Export as new Build Order

Basher Terran 

Build Orders:  

Get SALT Encoding   

  12  0:02  SCV  
  13  0:14  SCV  
  14  0:23  Supply Depot  
  14  0:32  Refinery  
  14  0:35  Refinery  
  14  0:37  SCV  
  15  0:50  Supply Depot  
  15  1:10  Barracks  
  16  1:11  SCV  
  16  1:12  Supply Depot  
  16  1:23  SCV  
  17  1:35  SCV  
  18  1:47  SCV  
  18  1:50  Barracks  
  19  2:01  Factory  
  19  2:03  Marine  
  20  2:16  Barracks  
  20  2:18  SCV  
  21  2:30  SCV  
  22  2:42  SCV, Marine x2  
  25  3:00  Marine  
  26  3:15  Marine, Factory Tech Lab  
  26  3:16  Marine  
  26  3:17  Marine  
  29  3:20  Orbital Command  
  29  3:33  Marine  
  29  3:34  Marine  
  31  3:48  Siege Tank, Command Center  
  34  4:09  Barracks Tech Lab  
  34  4:16  Barracks Reactor  
  34  4:20  Barracks Reactor  
  34  4:21  Siege Tank  
  37  4:31  Supply Depot  
  37  4:36  SCV  
  38  4:47  Starport  
  38  4:48  SCV  
  39  4:53  Engineering Bay  
  39  4:58  Siege Tank  
  42  5:00  SCV  
  43  5:21  Marauder  
  43  5:26  SCV  
  46  5:38  SCV x2  
  48  5:43  Marauder  
  50  5:50  SCV  
  50  5:51  SCV, Missile Turret  
  52  5:58  Missile Turret  
  52  6:03  SCV x2  
  54  6:10  Marine, Marauder  
  54  6:11  Marine x3  
  58  6:15  SCV x2  
  62  6:21  Missile Turret  
  62  6:27  Missile Turret  
  62  6:30  Refinery  
  62  6:34  Refinery  
  62  6:52  Supply Depot  
  62  6:56  Missile Turret  
  62  7:01  SCV x2, Hi-Sec Auto Tracking, Marine x4, Viking  
  70  7:14  SCV x2, Marine  
  73  7:16  Missile Turret  
  73  7:18  Armory  
  73  7:19  Marine  
  73  7:20  Supply Depot  
  74  7:23  Missile Turret  
  74  7:26  SCV x2  
  76  7:31  Viking  
  78  7:41  SCV x2  
  80  7:53  SCV  
  80  7:56  Orbital Command  
  80  7:58  Terran Infantry Armor Level 1  
  81  8:04  Supply Depot  
  81  8:05  SCV  
  81  8:11  Armory  
  61  8:25  Marine x3  
  61  8:26  Marine x2  
  64  8:38  Medivac  
  66  8:42  SCV  
  66  8:43  Marine x4  
  66  8:44  Marine  
  72  8:54  SCV x2  
  74  8:57  Siege Tank  
  74  9:01  Terran Vehicle And Ship Armor Level 1, Marine x5  
  82  9:05  Armory  
  82  9:06  SCV x2, Terran Ship Weapons Level 1  
  84  9:17  Supply Depot  
  84  9:18  SCV x2, Marine  
  84  9:19  Marine  
  84  9:20  Marauder  
  90  9:28  Engineering Bay  
  90  9:30  SCV  
  91  9:41  Marauder  
  93  9:52  Terran Infantry Weapons Level 1  
  93  9:54  Missile Turret  
  93  10:10  Supply Depot  
  93  10:12  Medivac  
  95  10:28  Missile Turret  
  95  10:35  Command Center  
  95  10:49  Missile Turret  
  95  10:56  Supply Depot  
  95  11:18  Starport Tech Lab  
  95  11:21  Missile Turret  
  95  11:23  Starport  
  95  11:26  Starport  
  95  11:33  Missile Turret  
  95  11:34  Fusion Core  
  95  11:39  Barracks  
  95  11:40  Marine x4  
  95  11:41  Marine  
Tags
 
Matchup
TvT
Race
Terran
Replay Pack
Dave SC2 II
Spawn Locations
Cross Positions
Add a new tag
Caveats
  • Supply blocks, unpowered buildings, or Contaminate may cause inaccurate times.
  • Supply counts are checked every 10 seconds.